 Dungeon Crawl Stone Soup version 0.26.0-5-gb5863c6483 (webtiles) character file.

Game seed: 7027138682289409554

282 Descartes the Blocker (level 6, 0/47 HPs)
             Began as a Formicid Fighter on Jan 10, 2021.
             Was an Initiate of Gozag.
             Slain by a gnoll
             ... wielding a +0 halberd
              (7 damage)
             ... on level 4 of the Dungeon.
             The game lasted 00:06:00 (3832 turns).

Descartes the Blocker (Formicid Fighter)            Turns: 3832, Time: 00:06:00

Health: 0/47       AC:  6    Str: 20    XL:     6   Next: 54%
Magic:  6/6        EV:  9    Int: 10    God:    Gozag
Gold:   426        SH: 11    Dex: 10    Spells: 5/5 levels left

rFire    + + .     SeeInvis +   a - +0 long sword
rCold    x . .     Faith    .   c - +0 kite shield
rNeg     . . .     Spirit   .   y - +0 scale mail {rF+}
rPois    .         Reflect  .   (helmet unavailable)
rElec    .         Harm     .   (no cloak)
rCorr    .         Rampage  .   (no gloves)
Will     .....                  (no boots)
Stlth    ..........             (no amulet)
HPRegen  0.15/turn              h - ring of fire
MPRegen  0.10/turn              (no ring)

@: gold aura
A: permanent stasis, dig shafts and tunnels, four strong arms, antennae 3
a: Dig, Shaft Self, Renounce Religion, Potion Petition, Call Merchant, Bribe
Branch


You were on level 4 of the Dungeon.
You worshipped Gozag.
Gozag was aware of your devotion.
You visited 1 branch of the dungeon, and saw 4 of its levels.

You collected 474 gold pieces.
You paid 48 gold pieces to Gozag.

Inventory:

Hand Weapons
 a - a +0 long sword (weapon)
 b - a +2 vorpal hunting sling
Missiles
 f - 25 bolts
 i - 145 stones
 o - 50 sling bullets
 r - 4 boomerangs
 u - 41 arrows
 z - 6 poisoned darts
Armour
 c - a +0 kite shield (worn)
 w - a +0 chain mail
 y - a +0 scale mail of fire resistance (worn)
Jewellery
 h - a ring of fire (left hand)
Scrolls
 e - 2 scrolls of magic mapping
 g - 2 scrolls of blinking {unknown}
 j - a scroll of enchant weapon {unknown}
 k - 2 scrolls of remove curse {unknown}
 m - a scroll of fog {unknown}
 n - a scroll of amnesia {unknown}
 p - 7 scrolls of identify {unknown}
 q - a scroll of teleportation {unknown}
Potions
 d - 5 potions of might
 l - a potion of magic {unknown}
 s - 2 potions of ambrosia {unknown}
 t - a potion of brilliance {unknown}
 v - a potion of heal wounds {unknown}
 x - 2 potions of degeneration {unknown}


   Skills:
 - Level 3.2 Fighting
 - Level 2.0 Long Blades
 - Level 3.2 Armour
 + Level 8.2 Shields


You had 5 spell levels left.
You didn't know any spells.
Your spell library was empty.

Dungeon Overview and Level Annotations

Branches:
Dungeon (4/15)
 Temple: D:4-7

Altars:
Ashenzari
Gozag
Qazlal
Ru
Uskayaw
Yredelemnul
Zin

Shops:
D:3 *


Innate Abilities, Weirdness & Mutations

You cannot be hasted, slowed, berserked, paralysed or teleported.
You can dig through walls and to a lower floor.
Your four strong arms can wield two-handed weapons with a shield.
You have a pair of large antennae on your head. (SInv)


Message History

The hound is severely wounded.
You block the hound's attack.
You slash the hound!
You kill the hound!
You hit the gnoll.
The gnoll is lightly wounded.
You block the gnoll's attack. The gnoll closely misses you.
You riposte.
Your scale mail prevents you from hitting the gnoll.
The gnoll is lightly wounded.
You barely miss the gnoll.
The gnoll is lightly wounded.
You block the gnoll's attack.
You slash the gnoll!
The gnoll is almost dead.
You block the gnoll's attack.
You barely miss the gnoll.
The gnoll is almost dead.
The gnoll hits you with a +0 halberd!
You die...
Your body crumbles into a pile of gold.

###............#
#......#
###.#.##.###.#
#......# #.#.##.#
#.# ##.....#
#.#.##.#
#.###########.....#
#.#.##>#
#...............#.#
#.#.##.#
#################.#
#.#.##.###### #.#
#.#.##$.#.#g## .#
#{#.#{#@# #.#######
..# ..## .#. ..#.
## #.


You could see a gnoll.

Vanquished Creatures
  A scorpion (D:4)
  A hound (D:4)
  5 gnolls (D:4)
  7 adders
  2 oozes
  A worm (D:3)
  A dart slug (D:2)
  3 leopard geckos (D:1)
  6 orcs (D:3)
  A ball python (D:2)
  5 giant cockroaches
  9 goblins
  8 hobgoblins
  3 jackals (D:2)
  6 kobolds
  2 quokkas
  7 bats
  A frilled lizard (D:2)
  8 rats
  A bush (D:3)
78 creatures vanquished.

Notes
Turn   | Place    | Note
-------+----------+-------------------------------------------
     0 | D:1      | Descartes the Formicid Fighter began the quest for the Orb.
     0 | D:1      | Reached XP level 1. HP: 18/18 MP: 1/1
   139 | D:1      | Reached skill level 4 in Shields
   144 | D:1      | Reached XP level 2. HP: 22/24 MP: 2/2
   506 | D:1      | Reached XP level 3. HP: 29/29 MP: 3/3
   614 | D:1      | Reached skill level 5 in Shields
   899 | D:2      | Found a hide-covered altar of Uskayaw.
   899 | D:2      | Noticed a +0 hand axe
   900 | D:2      | Noticed a +0 dagger
  1031 | D:2      | Found a basalt altar of Yredelemnul.
  1134 | D:2      | Reached XP level 4. HP: 35/35 MP: 4/4
  1318 | D:2      | Found an opulent altar of Gozag.
  1331 | D:2      | Became a worshipper of Gozag Ym Sagoz the Greedy
  1336 | D:2      | Reached skill level 6 in Shields
  1699 | D:3      | Found a sacrificial altar of Ru.
  2132 | D:3      | Found a stormy altar of Qazlal.
  2161 | D:3      | Reached XP level 5. HP: 39/41 MP: 5/5
  2392 | D:3      | Found a broken altar of Ashenzari.
  2524 | D:3      | Found Zin's Purification Station.
  2526 | D:3      | Found a glowing silver altar of Zin.
  2710 | D:3      | Reached skill level 7 in Shields
  3202 | D:4      | Reached XP level 6. HP: 13/47 MP: 6/6
  3529 | D:4      | Reached skill level 8 in Shields
  3832 | D:4      | Slain by a gnoll

Illustrated notes

Levels and vault maps discovered:
D:1:      dpeg_arrival_stonehenge_12_columns, layout_basic, minmay_pentomino_q4
D:2:      layout_loops_cross, dancing_weapons_uskayaw,
          overflow_temple_1_default, yredelemnul_altar_generic
D:3:      layout_basic, general_overflow_altar, zin_purify,
          nicolae_ru_awakened_eye, nicolae_ashenzari_panopticon,
          serial_aquarium, aquarium_bridge_straight [aquarium_subvault_bridge,
          aquarium_subvault_window, aquarium_subvault_bridge,
          aquarium_subvault_balcony], aquarium_bridge_long_separate
          [aquarium_subvault_window, aquarium_subvault_balcony,
          aquarium_subvault_bridge, aquarium_subvault_wall,
          aquarium_subvault_wall, aquarium_subvault_bridge],
          aquarium_window_fake, aquarium_window_fake, aquarium_view_2e,
          kennysheep_big_empty_room
D:4:      layout_loops_ring, lemuel_crystal_altar, ebering_ghost_reflecting_pool

Skill      XL: |  1  2  3  4  5  6 |
---------------+-------------------+-----
Shields        | 4 5 6 7 8 |  8.2
Fighting       | |  3.2
Long Blades    | |  2.0
Armour         | |  3.2

Action                   |  1- 3 |  4- 6 || total
-------------------------+-------+-------++-------
Melee: Long sword        |    87 |   331 ||   418
 Abil: Dig               |       |     7 ||     7
  Use: Scroll            |       |     1 ||     1
Armor: Scale mail        |    26 |    38 ||    64
       Chain mail        |       |    49 ||    49
Dodge: Dodged            |    35 |    79 ||   114
Block: Kite shield       |    49 |   118 ||   167
       Rpst.: Long sword |     8 |    29 ||    37
